Map: Cañón atribulado

Players

MrFercho - Winner!

  • Race: Zerg Zerg
  • League: Gold
  • Spawn Location: 6:00

TATORREA - Winner!

  • Race: Protoss Protoss
  • League: Gold
  • Spawn Location: 7:00

tigro - Winner!

  • Race: Terran Terran
  • League: Bronze
  • Spawn Location: 6:00

BERZERKER

  • Race: Protoss Protoss
  • Spawn Location: 3:00

fantasma

  • Race: Zerg Zerg
  • League: Gold
  • Spawn Location: 12:00

detroider

  • Race: Protoss Protoss
  • League: Silver
  • Spawn Location: 12:00

VOD

Have the link to the VOD?

Description

Time

  • Played on: Aug. 15, 2020, 9:55 p.m.
  • Length: 15:53
Show
View Real Time Build Order
Export as new Build Order

MrFercho Zerg - Winner!

Build Orders: Hatch First, Roach Hydra, Roach Nydus 

Get SALT Encoding   

  12  0:00  Drone  
  13  0:13  Overlord  
  13  0:18  Drone  
  14  0:31  Drone x2  
  16  0:54  Hatchery, Drone  
  16  0:58  Drone  
  16  1:02  Drone  
  18  1:12  Extractor  
  17  1:19  Spawning Pool  
  17  1:21  Drone  
  17  1:25  Drone  
  18  1:30  Drone  
  19  1:46  Overlord  
  19  1:50  Drone  
  20  2:03  Drone  
  20  2:06  Queen x2  
  25  2:16  Zergling x4  
  25  2:19  Drone  
  28  2:23  Drone  
  28  2:27  Drone  
  30  2:32  Drone  
  31  2:38  Drone  
  31  2:43  Drone  
  33  2:48  Lair  
  33  2:52  Queen  
  35  2:59  Drone  
  35  3:03  Overlord x2  
  36  3:22  Drone x6  
  36  3:23  Overlord  
  36  3:24  Overlord  
  36  3:25  Overlord  
  42  3:33  Queen  
  44  3:40  Extractor  
  43  3:41  Extractor  
  43  3:45  Roach Warren, Drone  
  43  3:47  Evolution Chamber, Drone  
  42  3:49  Drone  
  43  4:01  Drone x6  
  49  4:11  Drone x5  
  54  4:21  Zerg Missile Weapons Level 1  
  54  4:25  Glial Reconstitution  
  54  4:26  Drone  
  54  4:30  Roach x2  
  59  4:54  Hatchery  
  59  4:58  Roach  
  59  4:59  Nydus Network, Roach x5  
  69  5:02  Overlord  
  69  5:06  Roach  
  73  5:07  Roach  
  75  5:21  Roach x3  
  75  5:22  Roach  
  81  5:32  Hydralisk Den  
  80  6:02  Roach x2  
  84  6:16  Muscular Augments  
  84  6:17  Zerg Missile Weapons Level 2  
  84  6:22  Overlord x2  
  84  6:23  Overlord x2  
  84  6:24  Overlord  
  84  6:46  Drone x4  
  84  6:47  Drone x4  
  89  6:52  Hydralisk x7  
  106  6:55  Queen  
  108  7:05  Queen  
  108  7:06  Overlord  
  110  7:16  Hydralisk x4  
  118  7:27  Grooved Spines  
  118  7:40  Nydus Canal  
  118  7:53  Extractor, Evolution Chamber  
  118  7:56  Drone x3  
  118  7:58  Extractor  
  118  8:06  Drone x3  
  118  8:07  Drone x3  
  118  8:08  Drone x6  
  130  8:19  Overlord x5  
  130  8:39  Zerg Ground Armor Level 1  
  130  8:40  Zerg Melee Weapons Level 1  
  130  8:42  Metabolic Boost  
  130  8:46  Zergling x10  
  130  8:47  Zergling x12  
  141  8:55  Extractor  
  140  9:01  Lurker Den  
  139  9:04  Infestation Pit  
  139  9:06  Spire  
  137  9:12  Hydralisk x6  
  149  9:32  Hydralisk x6  
  161  9:57  Pneumatized Carapace  
  161  10:03  Hive  
  161  10:06  Lurker x2  
  161  10:07  Lurker  
  164  10:10  Hydralisk  
  164  10:13  Zergling x8  
  170  10:15  Overlord  
  170  10:16  Overlord x6  
  169  10:48  Hydralisk x5  
  169  10:49  Hydralisk x8  
  186  11:15  Hatchery  
  178  11:19  Extractor  
  178  11:22  Seismic Spines  
  178  11:24  Greater Spire  
  175  11:29  Zerg Missile Weapons Level 3  
  175  11:35  Drone  
  175  11:37  Hydralisk x3  
  137  11:58  Hydralisk x7  
  151  12:19  Adaptive Talons  
  145  12:31  Ultralisk Cavern  
  144  12:38  Zerg Ground Armor Level 2  
  144  12:43  Adrenal Glands  
  143  12:45  Zergling x26  
  143  12:46  Zergling x10  
  161  13:25  Hydralisk x6  
  161  13:26  Hydralisk x6  
  176  14:30  Mutalisk x10  
  176  14:31  Mutalisk x2  
Show
View Real Time Build Order
Export as new Build Order

TATORREA Protoss - Winner!

Build Orders: Mass Adepts 

Get SALT Encoding   

  12  0:02  Probe  
  13  0:14  Probe  
  14  0:27  Pylon, Probe  
  15  0:45  Probe  
  16  0:50  Gateway  
  16  0:58  Gateway, Probe  
  17  1:10  Assimilator, Probe  
  18  1:22  Probe  
  18  1:23  Pylon  
  19  1:31  Pylon  
  19  1:34  Probe  
  19  1:37  Assimilator  
  19  1:46  Probe  
  20  1:56  Cybernetics Core  
  20  2:00  Probe  
  21  2:01  Pylon  
  21  2:12  Probe  
  22  2:22  Gateway  
  22  2:24  Gateway  
  22  2:27  Probe  
  23  2:44  Twilight Council  
  23  2:47  Warp Gate  
  23  2:54  Adept  
  23  2:55  Adept  
  27  3:17  Adept x2  
  31  3:22  Resonating Glaives (Chrono Boost)  
  31  3:24  Adept x2  
  35  3:47  Adept x2  
  39  3:54  Adept x2  
  43  4:10  Pylon  
  43  4:34  Pylon  
  43  4:38  Pylon  
  23  5:55  Stalker x3, Nexus  
  23  5:56  Stalker, Pylon  
  31  5:59  Pylon  
  31  6:09  Stargate  
  31  6:10  Stargate  
  31  6:16  Probe  
  32  6:28  Probe  
  32  6:30  Stalker  
  32  6:31  Stalker x3  
  41  6:40  Probe  
  41  6:43  Blink  
  42  6:53  Probe  
  43  7:05  Probe  
  40  7:21  Stalker x3  
  40  7:22  Stalker  
  36  7:25  Probe x2  
  36  7:44  Probe x2  
  34  7:56  Void Ray, Probe x2  
  40  8:00  Void Ray  
  44  8:10  Probe x2  
  46  8:14  Protoss Air Weapons Level 1 (Chrono Boost)  
  46  8:22  Probe x2  
  48  8:29  Assimilator  
  48  8:35  Assimilator  
  48  8:39  Void Ray  
  52  8:46  Probe x2  
  54  9:02  Nexus  
  54  9:04  Pylon  
  54  9:06  Pylon  
  54  9:10  Void Ray  
  58  9:19  Charge  
  58  9:26  Probe x2  
  60  9:34  Zealot x2  
  60  9:35  Zealot  
  60  9:38  Probe x2  
  68  9:42  Zealot  
  70  9:50  Probe x2  
  70  9:52  Void Ray  
  76  10:01  Void Ray  
  80  10:16  Fleet Beacon  
  80  10:17  Probe x2  
  80  10:19  Probe  
  73  10:32  Zealot x3  
  73  10:33  Zealot  
  81  11:09  Probe x2  
  81  11:10  Probe  
  84  11:15  Assimilator  
  84  11:19  Assimilator  
  84  11:21  Pylon, Probe x2  
  84  11:22  Void Ray x2 (Chrono Boost), Probe  
  84  11:23  Pylon, Unknown  
  95  11:26  Pylon  
  95  11:34  Probe x3  
  98  11:46  Probe x3  
  101  11:52  Pylon  
  101  11:56  Zealot x2  
  101  11:57  Void Ray x2  
  113  12:17  Probe x2  
  115  12:24  Nexus  
  115  12:25  Pylon  
  115  12:26  Templar Archives  
  115  12:28  Pylon, Zealot x4  
  123  12:37  Void Ray x2 (Chrono Boost)  
  131  12:49  Zealot  
  131  12:50  Zealot x3  
  139  12:59  Probe x2  
  139  13:00  Probe  
  142  13:09  Assimilator  
  142  13:11  Probe x2  
  144  13:13  Zealot x2  
  144  13:16  Assimilator  
  148  14:11  Gateway  
  148  14:14  Gateway  
  148  14:15  Gateway  
  148  14:18  Gateway  
  148  14:19  Gateway  
  148  14:22  Gateway  
  148  14:25  Gateway  
  148  14:27  Gateway  
  148  14:32  Gateway  
  148  14:34  Gateway  
  148  14:40  Pylon  
  148  14:43  Pylon  
  148  14:46  Void Ray x2  
  148  14:47  Pylon  
  148  14:49  Pylon  
  148  14:51  Pylon, Zealot x2  
  148  14:52  Zealot x2  
  164  14:58  Pylon  
  164  15:02  Pylon  
  164  15:06  Pylon  
  160  15:17  Pylon  
  160  15:20  Pylon  
  156  15:22  High Templar x3  
  156  15:23  Pylon, High Templar x4  
  156  15:24  High Templar x4  
  156  15:27  Pylon, Archon  
  156  15:28  Archon x3  
  178  15:29  Archon  
  178  15:32  Pylon, Zealot x2  
  178  15:33  High Templar  
  186  15:37  Archon  
Show
View Real Time Build Order
Export as new Build Order

tigro Terran - Winner!

Build Orders:  

Get SALT Encoding   

  12  0:14  Supply Depot  
  12  0:16  SCV  
  13  0:28  SCV  
  14  0:40  SCV  
  14  0:41  Barracks  
  15  0:50  Refinery  
  15  0:52  SCV  
  16  1:06  SCV  
  17  1:18  SCV  
  18  1:28  Marine  
  18  1:30  SCV  
  20  1:38  Refinery  
  20  1:42  SCV  
  20  1:45  Marine  
  22  1:51  Supply Depot  
  22  1:55  SCV  
  23  2:09  Factory  
  23  2:12  Marine  
  24  2:19  SCV  
  25  2:30  Marine  
  25  2:31  SCV  
  27  2:48  Marine  
  28  2:58  Factory Tech Lab  
  28  3:08  Orbital Command  
  28  3:12  Barracks Tech Lab, Engineering Bay  
  28  3:18  Siege Tank  
  31  3:34  Combat Shield  
  31  3:47  Command Center  
  31  3:50  Siege Tank  
  34  4:15  Missile Turret  
  34  4:37  Missile Turret  
  34  4:53  Stimpack  
  31  5:01  Missile Turret  
  29  5:10  Marine  
  30  5:27  Marine  
  31  5:33  Starport  
  31  5:45  Marine  
  32  6:03  Marine  
  30  6:14  Siege Tank  
  33  6:21  Marine, Refinery  
  33  6:23  Medivac  
  36  6:28  Terran Infantry Weapons Level 1  
  36  6:39  Marine  
  37  6:46  Barracks, Siege Tank  
  40  6:52  Armory  
  40  6:57  Marine  
  40  7:00  Starport Tech Lab  
  41  7:14  Marine  
  39  7:32  Marine  
  37  7:50  Marine  
  38  8:08  Barracks Reactor  
  38  8:19  SCV  
  39  8:23  Terran Infantry Armor Level 1  
  39  8:26  Refinery  
  39  8:31  Missile Turret, SCV  
  40  8:43  SCV  
  41  8:55  SCV  
  42  8:59  Missile Turret  
  42  9:07  SCV  
  30  9:40  Marine x2  
  30  9:41  Marine  
  30  9:43  Thor  
  39  9:54  Terran Vehicle Weapons Level 1  
  39  9:58  Marine x3  
  42  10:00  Medivac  
  42  10:01  Fusion Core  
  44  10:16  Marine x3  
  44  10:17  Neosteel Armor  
  47  10:26  Thor  
  50  10:30  Medivac  
  50  10:34  Marine x3  
  46  10:51  Marine  
  46  10:52  Marine x2  
  49  11:09  Thor, Marine  
  49  11:10  Marine x2  
  58  11:27  Marine x3  
  61  11:35  SCV  
  62  11:46  Supply Depot, Weapon Refit  
  62  11:48  Terran Vehicle And Ship Armor Level 1  
  62  11:57  Hi-Sec Auto Tracking  
  62  12:08  Marine, SCV  
  64  12:09  Supply Depot  
  64  12:11  Thor  
  70  12:20  SCV  
  71  12:32  SCV  
  71  12:33  Supply Depot  
  57  12:44  SCV  
  46  12:53  Terran Infantry Weapons Level 2  
  46  12:54  Thor  
  46  13:05  Marine x3  
  47  13:09  Medivac  
  51  13:23  Marine x3  
  51  13:26  Rapid Reignition System  
  54  13:40  Battlecruiser  
  54  13:41  Marine x3  
  61  13:43  Terran Ship Weapons Level 1  
  56  13:53  Thor  
  62  13:58  Marine  
  62  13:59  Marine x2  
  65  14:16  Marine  
  65  14:20  SCV  
  67  14:27  Command Center  
  67  14:32  SCV  
  67  14:36  Thor  
  74  14:44  Battlecruiser, SCV  
  81  14:57  SCV  
Show
View Real Time Build Order
Export as new Build Order

BERZERKER Protoss 

Build Orders: Nexus First 

Get SALT Encoding   

  12  0:02  Probe  
  13  0:24  Pylon  
  14  0:28  Probe  
  14  0:40  Probe  
  15  0:59  Nexus  
  15  1:04  Probe  
  16  1:20  Probe  
  17  1:29  Forge  
  17  1:32  Probe  
  18  1:36  Gateway  
  18  2:06  Pylon  
  18  2:09  Probe  
  18  2:14  Assimilator  
  19  2:19  Assimilator  
  19  2:21  Probe  
  20  2:24  Gateway  
  20  2:25  Pylon  
  20  2:28  Pylon  
  20  2:33  Probe  
  20  2:36  Gateway  
  21  2:40  Probe  
  22  2:53  Probe  
  22  2:57  Photon Cannon  
  23  3:03  Photon Cannon  
  23  3:05  Probe  
  24  3:09  Pylon  
  24  3:17  Probe  
  25  3:28  Pylon  
  25  3:29  Probe  
  26  3:34  Pylon  
  27  3:41  Probe  
  27  3:52  Probe  
  28  3:59  Cybernetics Core  
  28  4:03  Pylon  
  28  4:04  Probe  
  28  4:07  Pylon  
  29  4:16  Probe  
  30  4:21  Assimilator  
  30  4:25  Assimilator  
  30  4:38  Stargate  
  30  4:45  Probe  
  31  4:54  Photon Cannon  
  31  4:57  Probe  
  31  4:58  Photon Cannon  
  24  5:05  Photon Cannon  
  20  5:10  Probe  
  20  5:11  Photon Cannon  
  21  5:22  Probe  
  21  5:23  Stalker x3  
  28  5:34  Probe  
  29  5:52  Stalker  
  29  5:53  Stalker  
  33  6:11  Photon Cannon  
  33  6:21  Photon Cannon  
  33  6:23  Pylon  
  33  6:27  Pylon  
  33  6:31  Shield Battery  
  33  6:39  Photon Cannon  
  33  6:43  Photon Cannon  
  33  6:57  Nexus  
  33  7:01  Probe  
  34  7:13  Probe  
  35  7:25  Probe  
  36  7:37  Probe  
  37  7:44  Probe  
  37  7:48  Protoss Shields Level 1 (Chrono Boost)  
  37  7:49  Probe  
  39  7:56  Probe  
  40  8:01  Probe  
  41  8:08  Probe  
  41  8:11  Assimilator  
  42  8:13  Probe  
  42  8:16  Assimilator  
  42  8:19  Pylon  
  43  8:23  Pylon  
  43  8:25  Probe  
  44  8:27  Pylon  
  44  8:34  Pylon  
  44  8:35  Pylon  
  44  8:38  Probe  
  45  8:44  Pylon  
  45  8:48  Pylon  
  45  8:50  Probe  
  45  8:51  Pylon  
  46  8:59  Pylon  
  46  9:04  Photon Cannon  
  46  9:06  Photon Cannon  
  46  9:12  Photon Cannon  
  46  9:15  Photon Cannon  
  46  9:24  Photon Cannon  
  46  9:32  Pylon  
  46  9:48  Photon Cannon  
  46  9:55  Probe  
  47  10:01  Photon Cannon  
  47  10:07  Probe, Stargate  
  47  10:10  Stargate  
  48  10:14  Twilight Council  
  48  10:19  Probe  
  48  10:20  Pylon  
  49  10:31  Probe  
  49  10:33  Pylon  
  49  10:35  Pylon  
  50  10:43  Probe  
  50  10:44  Pylon  
  50  10:46  Pylon  
  51  10:57  Fleet Beacon  
  51  10:58  Pylon  
  51  11:08  Pylon  
  51  11:11  Pylon  
  51  11:16  Photon Cannon  
  51  11:20  Photon Cannon  
  51  11:27  Photon Cannon  
  51  11:29  Photon Cannon  
  51  11:37  Protoss Shields Level 2 (Chrono Boost)  
  51  11:38  Photon Cannon  
  51  11:40  Photon Cannon  
  51  12:01  Protoss Air Weapons Level 1  
  51  12:04  Probe  
  52  12:16  Probe  
  53  12:26  Probe  
  53  12:29  Probe  
  53  12:38  Probe  
  53  12:40  Void Ray  
  53  12:41  Void Ray, Probe  
  63  12:46  Void Ray  
  63  12:50  Probe  
  68  12:53  Probe  
  67  13:02  Probe  
  68  13:10  Unknown  
  68  13:14  Probe  
  69  13:23  Void Ray  
  69  13:24  Void Ray  
  77  13:31  Pylon  
  81  13:46  Pylon  
  76  13:57  Pylon  
Show
View Real Time Build Order
Export as new Build Order

fantasma Zerg 

Build Orders: Pool First 

Get SALT Encoding   

  12  0:04  Drone  
  13  0:12  Drone  
  14  0:18  Overlord  
  14  0:47  Drone x3  
  17  0:53  Spawning Pool  
  16  1:03  Drone  
  17  1:24  Drone x2  
  19  1:31  Drone  
  20  1:49  Drone  
  21  1:54  Extractor, Queen, Overlord  
  22  2:02  Extractor  
  21  2:11  Drone  
  22  2:20  Drone  
  23  2:32  Drone  
  24  2:41  Drone  
  25  2:44  Hatchery  
  25  2:47  Drone  
  25  3:11  Lair  
  25  3:15  Roach Warren  
  25  3:19  Drone  
  25  3:22  Zergling x6  
  28  3:53  Drone  
  29  4:10  Infestation Pit  
  25  4:54  Roach x4  
  25  4:55  Roach  
  35  5:09  Hive  
  35  5:35  Drone x2  
  33  5:36  Drone x2  
  33  5:39  Overlord x2  
  33  5:40  Overlord  
  36  5:57  Queen  
  38  6:19  Drone x3  
  41  6:33  Ultralisk Cavern  
  40  6:46  Infestor  
  40  6:54  Infestor, Overlord  
  42  6:55  Infestor  
  36  8:03  Ultralisk x3  
  54  8:11  Drone x5  
  59  8:30  Drone x2  
  61  8:34  Extractor  
  61  8:35  Extractor  
  61  8:40  Ultralisk  
  65  9:16  Drone x3  
  68  9:43  Overlord x5  
  24  10:52  Ultralisk x4  
  24  10:53  Ultralisk x2  
  24  10:54  Overlord x2  
  17  13:00  Hatchery  
Show
View Real Time Build Order
Export as new Build Order

detroider Protoss 

Build Orders:  

Get SALT Encoding   

  12  0:05  Probe (Chrono Boost)  
  13  0:21  Pylon  
  13  0:24  Probe  
  14  0:35  Assimilator  
  14  0:36  Probe  
  15  0:49  Probe  
  16  0:51  Gateway  
  16  1:01  Probe  
  16  1:03  Pylon  
  17  1:15  Forge  
  17  1:29  Probe (Chrono Boost)  
  18  1:39  Probe (Chrono Boost)  
  19  1:44  Probe (Chrono Boost), Cybernetics Core  
  20  1:49  Assimilator  
  21  2:08  Probe (Chrono Boost)  
  21  2:12  Zealot  
  23  2:19  Probe (Chrono Boost)  
  24  2:23  Probe (Chrono Boost)  
  25  2:34  Probe  
  26  2:39  Zealot  
  28  2:47  Probe  
  28  2:49  Stargate  
  29  3:18  Robotics Facility  
  29  3:24  Pylon  
  29  3:29  Probe  
  31  3:41  Void Ray, Probe  
  35  4:00  Nexus  
  35  4:05  Stalker  
  37  4:17  Pylon  
  37  4:20  Probe (Chrono Boost)  
  38  4:30  Probe (Chrono Boost)  
  39  4:35  Immortal (Chrono Boost), Probe (Chrono Boost)  
  39  4:38  Pylon  
  44  4:41  Assimilator  
  44  4:46  Probe  
  44  4:47  Assimilator  
  45  4:54  Stalker  
  45  4:56  Void Ray  
  45  4:58  Probe  
  31  5:32  Immortal  
  31  5:34  Probe  
  36  5:45  Probe (Chrono Boost)  
  38  5:52  Probe (Chrono Boost)  
  38  5:56  Probe (Chrono Boost)  
  39  6:00  Probe (Chrono Boost)  
  39  6:01  Probe (Chrono Boost)  
  41  6:11  Probe x2  
  42  6:12  Void Ray  
  47  6:25  Probe (Chrono Boost)  
  48  6:30  Probe (Chrono Boost)  
  50  6:40  Probe (Chrono Boost)  
  50  6:45  Probe (Chrono Boost)  
  50  6:46  Immortal  
  55  6:56  Probe  
  38  7:40  Void Ray  
  38  7:43  Immortal  
  44  7:52  Probe (Chrono Boost)  
  45  8:03  Probe (Chrono Boost)  
  46  8:07  Probe (Chrono Boost)  
  47  8:13  Robotics Bay  
  47  8:17  Robotics Facility  
  47  8:18  Probe  
  48  8:21  Robotics Facility  
  48  8:23  Void Ray  
  48  8:25  Robotics Facility  
  52  8:30  Probe  
  53  8:37  Pylon  
  53  8:42  Immortal  
  57  9:05  Void Ray  
  57  9:07  Pylon  
  53  9:43  Colossus x3  
  71  9:51  Void Ray  
  75  10:12  Nexus  
  75  10:20  Photon Cannon  
  16  11:56  Probe  
  16  12:06  Gateway  
  16  12:08  Probe  
  16  12:11  Pylon  
  17  12:20  Forge  
  17  12:30  Gateway  
  17  12:36  Gateway  
  17  12:37  Gateway  
  17  12:46  Gateway  
  17  12:54  Pylon  
  17  13:02  Photon Cannon  
  17  13:04  Photon Cannon  
  17  13:09  Photon Cannon  
  10  13:40  Cybernetics Core  
  14  13:42  Zealot (Chrono Boost)  
  14  13:46  Zealot x2 (Chrono Boost)  
  14  13:48  Zealot x2 (Chrono Boost)  
  20  13:52  Pylon  
  22  14:12  Zealot (Chrono Boost)  
  22  14:15  Photon Cannon  
  22  14:19  Stalker (Chrono Boost)  
  30  14:27  Stalker x3 (Chrono Boost)  
  32  14:38  Stalker (Chrono Boost)  
  32  14:41  Stalker (Chrono Boost)  
  34  14:48  Photon Cannon  
  34  14:49  Stalker  
  34  14:50  Stalker x2  
  34  14:52  Photon Cannon  
  36  15:05  Stalker  
  22  15:19  Probe  
Tags
 
Add a new tag
Caveats
  • Supply blocks, unpowered buildings, or Contaminate may cause inaccurate times.
  • Supply counts are checked every 10 seconds.